 Dungeon Crawl Stone Soup version 0.29-a0-284-gf9362112df (webtiles) character file.

Game seed: 6007316382133002607

356 croobank the Skirmisher (level 6, -7/53 (56) HPs)
             Began as a Hill Orc Fighter on Mar 18, 2022.
             Was an Initiate of Beogh.
             Killed from afar by an orc wizard (10 damage)
             ... with an iceblast
             ... on level 4 of the Dungeon.
             The game lasted 00:12:15 (3066 turns).

croobank the Skirmisher (Hill Orc Fighter)          Turns: 3066, Time: 00:12:21

HP:   -7/53 (56)    AC: 12    Str: 19    XL:     6   Next: 63%
MP:   15/15         EV:  7    Int: 10    God:    Beogh [......]
Gold: 172           SH:  5    Dex: 10    Spells: 5/5 levels left

rFire   . . .      SeeInvis .   a - +1 war axe
rCold   + . .      Faith    .   c - +0 buckler
rNeg    . . .      Spirit   .   q - +0 chain mail {rC+}
rPois   .          Reflect  .   p - +2 hat
rElec   .          Harm     .   (no cloak)
rCorr   .          Rampage  .   m - +0 pair of gloves
Will    .....                   (no boots)
Stlth   ..........              (no amulet)
HPRegen 0.17/turn               s - ring of magical power
MPRegen 0.14/turn               (no ring)

@: drained
A: no striking features
a: Renounce Religion


You were on level 4 of the Dungeon.
You worshipped Beogh.
Beogh was noncommittal.
You visited 1 branch of the dungeon, and saw 4 of its levels.

You collected 172 gold pieces.

Inventory:

Hand Weapons
 a - a +1 war axe (weapon)
 b - a +0 hunting sling
 d - a +1 scythe of freezing
 i - a +1 vorpal spear
 n - a +1 short sword of electrocution
 u - a +2 short sword of holy wrath
 w - a +0 falchion
 x - a +2 short sword of draining
Missiles
 f - 206 stones
 g - 9 poisoned darts (quivered)
 k - 4 boomerangs
Armour
 c - a +0 buckler (worn)
 j - a +0 chain mail
 m - a +0 pair of gloves (worn)
 p - a +2 hat (worn)
 q - a +0 chain mail of cold resistance (worn)
 r - a +0 scale mail
Jewellery
 s - a ring of magical power (left hand)
Wands
 v - a wand of polymorph (11)
Scrolls
 e - a scroll of amnesia
 l - 3 scrolls of vulnerability
 y - 3 scrolls of teleportation {unknown}
Potions
 t - a potion of degeneration
 z - a potion of lignification


   Skills:
 + Level 5.3 Fighting
 + Level 5.0 Axes
 + Level 4.8 Armour
 + Level 4.9 Shields


You had 5 spell levels left.
You didn't know any spells.
Your spell library contained the following spells:

 Spells                   Type           Power      Damage    Failure   Level
 Malign Gateway           Summ/Tloc      0%         N/A       100%        7
 Summon Horrible Things   Summ           0%         N/A       100%        8


Dungeon Overview and Level Annotations

Branches:
Dungeon (4/15)
 Temple: D:4-7

Altars:
The Shining One


Message History

You kill the orc!
Beogh accepts your kill.
You barely miss the orc. The orc hits you with a +0 war axe.
You hit the orc.
The orc is severely wounded.
You block the orc's attack.
You slash the orc!
You kill the orc!
Beogh accepts your kill. Something hits you but does no damage.
You slash something!
You hear some strange, mumbled words.
Something tries to affect you, but you resist.
You closely miss something.
You hear some strange, mumbled words.
A puff of flame appears from out of thin air!
The puff of flame hits you but does no damage.
You completely miss something.
Something hits you but does no damage. x2
You barely miss something. Something hits you!
* * * LOW HITPOINT WARNING * * *
You miss something. Something hits you but does no damage.
You closely miss something. Something hits you.
* * * LOW HITPOINT WARNING * * *
You miss something.
You hear some strange, mumbled words.
A puff of flame appears from out of thin air!
The puff of flame hits you!
* * * LOW HITPOINT WARNING * * *
Something hits you but does no damage.
You feel better. You block something's attack.
You closely miss something. Something hits you.
* * * LOW HITPOINT WARNING * * *
You miss something. Something hits you but does no damage.
As you read the scroll of summoning, it crumbles to dust.
Wisps of shadow whirl around you...
You hear a zap.
An iceblast appears from out of thin air!
The mass of ice explodes!
The iceblast engulfs you! You partially resist.
You die...
Beogh appreciates something's killing of a heretic priest.

###### #####....#
#####..##....#######
#...#..##.K..#...).####
#)<.#..'....@{..........
#oo.#..##....#K###.#.###
#ooo#...#..J.#.# .# ..
###o..###.#....#.# # #
+..o♣...'.#....#.#
##.....####....#.#
##..o##.##......#
##)##..##......# #.#...#


You could see a friendly jelly (summoned) and 2 friendly kobolds.

Vanquished Creatures
  Sigmund (D:3)
  An orc priest (D:4)
  Terence (D:2)
  Robin (D:2)
  3 adders
  A white imp (D:3)
  A worm (D:2)
  A dart slug (D:3)
  2 orcs (D:4)
  5 ball pythons
  9 endoplasms
  A giant cockroach (D:1)
  12 goblins
  5 hobgoblins
  2 quokkas (D:3)
  4 bats
  2 frilled lizards
  3 goblin skeletons (D:3)
  4 goblin zombies (D:3)
  A hobgoblin zombie (D:3)
  8 kobolds
  A kobold zombie (D:3)
  7 rats
76 creatures vanquished.

Vanquished Creatures (others)
  An orc (D:4)
1 creature vanquished.

Grand Total: 77 creatures vanquished

Notes
Turn   | Place    | Note
-------+----------+-------------------------------------------
     0 | D:1      | croobank the Hill Orc Fighter began the quest for the Orb.
     0 | D:1      | Reached XP level 1. HP: 19/19 MP: 1/1
   259 | D:1      | Reached XP level 2. HP: 24/27 MP: 2/2
   840 | D:2      | Reached XP level 3. HP: 24/33 MP: 3/3
  1081 | D:2      | Noticed Robin
  1095 | D:2      | Killed Robin
  1258 | D:2      | Noticed Terence
  1271 | D:2      | Killed Terence
  1272 | D:2      | Reached XP level 4. HP: 27/41 MP: 4/4
  1725 | D:2      | Found a faded altar of an unknown god.
  2106 | D:3      | Reached XP level 5. HP: 28/43 MP: 5/5
  2227 | D:3      | Found a glowing golden altar of the Shining One.
  2237 | D:3      | Noticed Sigmund
  2265 | D:3      | Killed Sigmund
  2266 | D:3      | Reached skill level 5 in Fighting
  2266 | D:3      | Reached XP level 6. HP: 30/56 MP: 6/6
  3001 | D:4      | Became a worshipper of Beogh the Brigand
  3045 | D:4      | Reached skill level 5 in Axes
  3062 | D:4      | HP: 2/53 [something/puff of flame (9)]
  3066 | D:4      | Killed from afar by an orc wizard

Illustrated notes

Levels and vault maps discovered:
D:1:      dpeg_arrival_pits, layout_loops_ring, due_unseen_surprise
D:2:      layout_loops_cross, dreamdust_ecumenical_altar_angels_and_demons,
          uniq_robin, uniq_terence
D:3:      layout_loops_cross, nicolae_tso_besieged_by_evil, uniq_sigmund
D:4:      layout_basic, gammafunk_ghost_necromancy, grunt_ministairs_14

Skill      XL: |  1  2  3  4  5  6 |
---------------+-------------------+-----
Axes           | 3 4 5 |  5.0
Fighting       | 4 5 |  5.3
Shields        | 4 |  4.9
Armour         | 4 |  4.8

Action                   |  1- 3 |  4- 6 || total
-------------------------+-------+-------++-------
Melee: War axe           |    68 |   124 ||   192
Throw: Dart              |       |     1 ||     1
Invok: Convert to Beogh  |       |     1 ||     1
  Use: Potion            |       |     2 ||     2
       Scroll            |       |     8 ||     8
Armor: Scale mail        |    42 |       ||    42
       Chain mail        |       |    92 ||    92
Dodge: Dodged            |    32 |    28 ||    60
Block: Buckler           |    15 |    26 ||    41

Table legend: (Time is in decaauts)
 A = Elapsed time spent in this place.
 B = Non-inter-level travel time spent in this place.
 C = Inter-level travel time spent in this place.
 D = Time resting spent in this place.
 E = Time spent auto-exploring this place.
 F = Levels seen in this place.
 G = Mean time per level.
                   A        B        C        D        E       F      G
               +--------+--------+--------+--------+--------+-----+--------+
         Total |   3131 |   3053 |     78 |    156 |   2214 |   4 |  782.8 |
       Dungeon |   3131 |   3053 |     78 |    156 |   2214 |   4 |  782.8 |
               +--------+--------+--------+--------+--------+-----+--------+

Top non-repeatable levels by time:
     D:3: 1177 daAuts
     D:2: 1039 daAuts
     D:1: 842 daAuts
     D:4: 71 daAuts
